 Dungeon Crawl Stone Soup version 0.28.0-62-gf88900778d (webtiles) character file.

Game seed: 11237219547259039194

175 cbfl8 the Skirmisher (level 5, 0/47 HPs)
             Began as a Minotaur Fighter on July 1, 2023.
             Slain by an orc
             ... wielding a +0 flail
              (4 damage)
             ... on level 3 of the Dungeon.
             The game lasted 00:03:22 (3280 turns).

cbfl8 the Skirmisher (Minotaur Fighter)             Turns: 3280, Time: 00:03:23

Health: 0/47       AC: 14    Str: 21    XL:     5   Next: 29%
Magic:  5/5        EV:  1    Int:  5    God:
Gold:   159        SH:  8    Dex: 11    Spells: 4/4 levels left

rFire   + . .      SeeInvis .   a - +0 war axe
rCold   + . .      Faith    .   i - +0 kite shield
rNeg    . . .      Spirit   .   f - +0 gold dragon scales
rPois   +          Reflect  .   (helmet restricted)
rElec   .          Harm     .   (no cloak)
rCorr   .          Rampage  .   (no gloves)
Will    .....                   (no boots)
Stlth   ..........              (no amulet)
HPRegen 0.15/turn               (no ring)
MPRegen 0.09/turn               (no ring)

@: no status effects
A: horns 2, retaliatory headbutt
a: no special abilities


You were on level 3 of the Dungeon.
You visited 1 branch of the dungeon, and saw 4 of its levels.

You collected 159 gold pieces.

Inventory:

Hand Weapons
 a - a +0 war axe (weapon)
Armour
 f - +0 gold dragon scales (worn)
 i - a +0 kite shield (worn)
Wands
 g - a wand of mindburst (15)
Scrolls
 b - a scroll of enchant weapon
 h - a scroll of fog
Potions
 d - a potion of might
 e - 2 potions of resistance {unknown}


   Skills:
 + Level 4.4 Fighting
 * Level 4.3 Axes
 + Level 4.0 Armour
 * Level 1.0 Dodging
 * Level 0.7 Stealth
 + Level 4.0 Shields
 * Level 1.4 Invocations
 * Level 1.3 Evocations


You had 4 spell levels left.
You didn't know any spells.
Your spell library contained the following spells:

 Spells                   Type           Power      Damage    Failure   Level
 Beastly Appendage        Tmut           0%         N/A       100%        1
 Ensorcelled Hibernation  Hex/Ice        0%         N/A       100%        2
 Passwall                 Tmut/Erth      0%         N/A       100%        2
 Wereblood                Tmut           0%         N/A       100%        2
 Spider Form              Tmut/Pois      0%         N/A       100%        3
 Swiftness                Air            0%         N/A       100%        3


Dungeon Overview and Level Annotations

Branches:
Dungeon (4/15)
 Temple: D:4-7

Altars:


Innate Abilities, Weirdness & Mutations

You have a pair of horns on your head.
You reflexively headbutt those who attack you in melee.


Message History

The orc hits you but does no damage. x2; Something hits you but does no damage.
The kobold hits you but does no damage.
Unknown command.
The orc hits you but does no damage. x2; Something hits you.
The kobold hits you with a +0 whip.
In your confused state, you trip and fall back down the stairs.
The orc hits you but does no damage. x2
You hear some strange, mumbled words.
Something tries to affect you, but you resist.
The kobold hits you but does no damage.
You are too confused!
The orc hits you but does no damage. x2; Something hits you but does no damage.
The kobold hits you with a +0 whip.
* * * LOW HITPOINT WARNING * * *
In your confused state, you trip and fall back down the stairs.
* * * LOW HITPOINT WARNING * * *
The orc completely misses you. The orc hits you but does no damage.
Something hits you but does no damage. The kobold hits you but does no damage.
The orc hits you but does no damage. x2
You hear some strange, mumbled words.
A magic dart appears from out of thin air!
The magic dart hits you but does no damage.
The kobold hits you but does no damage.
In your confused state, you trip and fall back down the stairs.
* * * LOW HITPOINT WARNING * * *
The orc hits you but does no damage. x2; Something hits you but does no damage.
The kobold hits you but does no damage.
You feel less confused. The orc hits you with a +0 flail.
* * * LOW HITPOINT WARNING * * *
You block the orc's attack. Something hits you.
* * * LOW HITPOINT WARNING * * *
You block the kobold's attack.
You climb upwards.
Reactivating autopickup.
There is a stone staircase leading down here.
As you read the scroll labelled HEREGGE FUOLAPP, it crumbles to dust.
It is a scroll of amnesia.
You feel forgetful for a moment. The orc hits you with a +0 flail.
You die...

≈≈≈#≈# #.......# #...... ####≈#
######.......# #......
...≈#####............# #..^...
#####.....####...<...### #......
...######## #.....#.).####..####
...### #..######......##
.....###### ##.## #.###..#
###.......## #o.## ##.# #.## ##
##..###..# #o@K# #..###.# #. #
##..###.####{#.###....#.# ###.
######.##.............##...# #...
.#........###..###..#####..###.##
...###..#####..####.#####......#
.### ##.......).###...##....####
...# ######..#..........##..#
.#.# #....##.......###.## .#.##
##.#....##..#......###


You could see 2 orcs and a kobold.

Vanquished Creatures
  4 gnolls (D:2)
  4 adders
  4 worms
  3 dart slugs
  6 orcs
  6 ball pythons
  9 endoplasms
  2 giant cockroaches
  4 goblins
  A hobgoblin (D:3)
  7 jackals (D:1)
  3 quokkas (D:3)
  5 bats
  5 frilled lizards
  7 kobolds
  7 rats
77 creatures vanquished.

Notes
Turn   | Place    | Note
-------+----------+-------------------------------------------
     0 | D:1      | cbfl8 the Minotaur Fighter began the quest for the Orb.
     0 | D:1      | Reached XP level 1. HP: 19/19 MP: 0/0
   445 | D:1      | Reached XP level 2. HP: 24/27 MP: 1/1
   710 | D:1      | Reached XP level 3. HP: 33/33 MP: 2/2
  1475 | D:2      | Reached skill level 1 in Invocations
  1475 | D:2      | Reached XP level 4. HP: 26/41 MP: 3/3
  1945 | D:2      | Reached skill level 1 in Evocations
  2027 | D:2      | Found a faded altar of an unknown god.
  2430 | D:3      | Reached XP level 5. HP: 39/47 MP: 4/4
  2912 | D:3      | Reached skill level 1 in Dodging
  3280 | D:3      | Slain by an orc

Illustrated notes

Levels and vault maps discovered:
D:1:      dpeg_arrival_rooms_a, layout_basic
D:2:      layout_loops_ring, ebering_ecumenical_altar_abandoned
D:3:      layout_rooms, gup_sewer_entry_spiral, minmay_starry_boxes
D:4:      layout_layer_cave, corexii_checkpoint_a, wad_orctagon

Skill      XL: |  1  2  3  4  5 |
---------------+----------------+-----
Axes           | 3 4 |  4.3
Fighting       | 4 |  4.4
Invocations    | 1 |  1.4
Evocations     | 1 |  1.3
Armour         | 4 |  4.0
Shields        | 4 |  4.0
Dodging        | 1 |  1.0
Stealth        | |  0.7

Action                   |  1- 3 |  4- 6 || total
-------------------------+-------+-------++-------
Melee: War axe           |   107 |   125 ||   232
       Headbutt          |    13 |    15 ||    28
  Use: Scroll            |     2 |     2 ||     4
Armor: Plate armour      |    53 |       ||    53
       Scale mail        |     1 |       ||     1
       Gold dragon scale |    65 |   135 ||   200
Dodge: Dodged            |    16 |     7 ||    23
Block: Buckler           |    21 |     5 ||    26
       Kite shield       |       |    52 ||    52
